General information
- name: BNet
- type: Ladder team game (AT/RT)
- host: Battle.net
- saver: FagWithNoName
map: Mur'gulOasis
- players: 8
- length: 24:22
- speed: Fast
- version: 1.26 W3XP
- replay type: Public
» download(148 KB)
Players
team 1 (loser)

»
illidanpro (
blue | 45 APM | 1062 actions | 23:50)
6 Archmage
3 Blizzard
2 Brilliance Aura
1 Mass Teleport
» actions
| Basic commands | 10 | |
| Build / train | 100 | |
| ESC pressed | 2 | |
| Enter build submenu | 32 | |
| Enter hero's abilities submenu | 7 | |
| Give item / drop item | 1 | |
| Right click | 499 | |
| Select / deselect | 306 | |
| Use ability | 105 | |
1062 total
» units
| Peasant | 18 | |
| Footman | 14 | |
| Rifleman | 2 | |
| Gryphon Rider | 8 | |
42 total
» upgrades
| Masonry | 1 | |
| Defend | 1 | |
| Plating | 1 | |
| Swords | 3 | |
| Armor | 1 | |
| Storm Hammers | 1 | |
| Animal War Training | 1 | |
9 total
» buildings
| Altar of Kings | 1 | |
| Farm | 12 | |
| Barracks | 1 | |
| Scout Tower | 11 | |
| Lumber Mill | 1 | |
| Arcane Tower | 4 | |
| Guard Tower | 15 | |
| Arcane Vault | 2 | |
| Blacksmith | 1 | |
| Keep | 3 | |
| Castle | 2 | |
| Gryphon Aviary | 4 | |
57 total
» build order
00:10 Altar of Kings
00:12 Farm
00:22 Barracks
00:46 Farm
01:32 Scout Tower
01:49 Lumber Mill
02:04 Arcane Tower
02:04 Arcane Tower
02:04 Arcane Tower
02:22 Farm
02:26 Scout Tower
03:17 Guard Tower
03:17 Guard Tower
03:53 Scout Tower
03:57 Scout Tower
04:22 Farm
04:26 Guard Tower
04:26 Guard Tower
04:26 Guard Tower
04:46 Arcane Vault
04:58 Guard Tower
04:59 Guard Tower
05:02 Blacksmith
05:08 Farm
05:15 Scout Tower
06:15 Guard Tower
06:16 Guard Tower
06:17 Farm
06:21 Scout Tower
06:48 Arcane Vault
06:54 Guard Tower
06:54 Guard Tower
06:58 Farm
08:05 Keep
08:05 Keep
08:05 Keep
08:12 Scout Tower
08:13 Scout Tower
08:15 Scout Tower
08:16 Scout Tower
08:18 Scout Tower
09:05 Guard Tower
11:19 Castle
11:20 Castle
11:21 Guard Tower
11:22 Guard Tower
11:28 Gryphon Aviary
11:32 Gryphon Aviary
11:36 Gryphon Aviary
11:39 Gryphon Aviary
11:43 Farm
11:45 Farm
11:45 Farm
11:46 Farm
11:47 Farm
» items
| Scroll of Town Portal | 5 | |
| Scroll of Protection | 1 | |
| Scroll of Healing | 1 | |
| Potion of Lesser Invulnerability | 1 | |
| Scroll of Regeneration | 1 | |
| Potion of Healing | 1 | |
| Healing Salve | 1 | |
| Scroll of Speed | 1 | |
12 total

»
hippochop (
orange | 59 APM | 1422 actions | 24:17)
4 Warden
2 Fan of Knives
2 Shadow Strike
4 Keeper of the Grove
2 Entangling Roots
2 Force of Nature
4 Priestess of the Moon
2 Trueshot Aura
2 Searing Arrows
» actions
| Assign group hotkey | 70 | |
| Basic commands | 63 | |
| Build / train | 53 | |
| ESC pressed | 5 | |
| Enter build submenu | 19 | |
| Enter hero's abilities submenu | 12 | |
| Give item / drop item | 2 | |
| Remove unit from queue | 4 | |
| Right click | 767 | |
| Select / deselect | 252 | |
| Select group hotkey | 95 | |
| Use ability | 80 | |
1422 total
» units
| Wisp | 10 | |
| Archer | 5 | |
| Makrura Deepseer | 1 | |
| Druid of the Talon | 1 | |
| Chimaera | 3 | |
| Hippogryph | 2 | |
22 total
» upgrades
| Ultravision | 1 | |
| Strength of the Wild | 2 | |
| Reinforced Hides | 1 | |
| Corrosive Breath | 1 | |
5 total
» buildings
| Moon Well | 6 | |
| Altar of Elders | 1 | |
| Ancient of War | 1 | |
| Ancient of Wonders | 2 | |
| Hunter's Hall | 1 | |
| Tree of Ages | 1 | |
| Ancient Protector | 1 | |
| Ancient of Wind | 1 | |
| Tree of Eternity | 1 | |
| Chimaera Roost | 2 | |
17 total
» build order
00:32 Moon Well
00:36 Altar of Elders
01:02 Ancient of War
01:52 Moon Well
02:19 Ancient of Wonders
03:11 Hunter's Hall
04:11 Tree of Ages
04:31 Moon Well
04:51 Ancient Protector
05:54 Moon Well
06:38 Ancient of Wind
06:54 Tree of Eternity
08:01 Moon Well
09:20 Chimaera Roost
09:21 Chimaera Roost
12:57 Moon Well
13:01 Ancient of Wonders
» items
| Lesser Clarity Potion | 1 | |
| Circlet of Nobility | 2 | |
| Orb of Venom | 1 | |
| Moonstone | 1 | |
| Orb of Lightning | 1 | |
6 total

»
diabetic_turtle (
purple | 22 APM | 525 actions | 24:14)
6 Blademaster
3 Wind Walk
2 Critical Strike
1 Bladestorm
» actions
| Basic commands | 4 | |
| Build / train | 52 | |
| Enter build submenu | 23 | |
| Enter hero's abilities submenu | 7 | |
| Give item / drop item | 1 | |
| Right click | 191 | |
| Select / deselect | 207 | |
| Use ability | 40 | |
525 total
» units
| Peon | 11 | |
| Grunt | 7 | |
| Shaman | 10 | |
| Tauren | 5 | |
33 total
» upgrades
| Pillage | 1 | |
| Melee Weapons | 1 | |
| Shaman Training | 2 | |
| Pulverize | 1 | |
| Armor | 1 | |
| Reinforced Defenses | 1 | |
7 total
» buildings
| Altar of Storms | 1 | |
| Orc Burrow | 10 | |
| Barracks | 2 | |
| Voodoo Lounge | 1 | |
| War Mill | 1 | |
| Stronghold | 1 | |
| Fortress | 1 | |
| Spirit Lodge | 1 | |
| Tauren Totem | 2 | |
20 total
» build order
00:07 Altar of Storms
00:11 Orc Burrow
00:55 Barracks
01:33 Orc Burrow
02:25 Voodoo Lounge
03:04 Barracks
03:37 War Mill
04:30 Orc Burrow
04:36 Orc Burrow
05:36 Orc Burrow
07:13 Stronghold
08:59 Orc Burrow
09:34 Fortress
09:41 Spirit Lodge
10:05 Orc Burrow
12:37 Tauren Totem
12:42 Tauren Totem
14:47 Orc Burrow
15:52 Orc Burrow
16:50 Orc Burrow
» items
| Healing Salve | 1 | |
| Tiny Great Hall | 1 | |
| Scroll of Town Portal | 1 | |
3 total
ITAdarkthor (
teal | 23 APM | 568 actions | 24:21)
5 Crypt Lord
2 Carrion Beetles
2 Impale
1 Spiked Carapace
» actions
| Build / train | 63 | |
| Enter build submenu | 14 | |
| Enter hero's abilities submenu | 5 | |
| Remove unit from queue | 1 | |
| Right click | 272 | |
| Select / deselect | 185 | |
| Use ability | 27 | |
568 total
» units
| Acolyte | 6 | |
| Ghoul | 2 | |
| Crypt Fiend | 34 | |
42 total
» upgrades
| Creature Attack | 3 | |
| Creature Carapace | 3 | |
| Web | 1 | |
7 total
» buildings
| Altar of Darkness | 1 | |
| Ziggurat | 8 | |
| Crypt | 2 | |
| Graveyard | 1 | |
| Nerubian Tower | 2 | |
| Spirit Tower | 1 | |
| Halls of the Dead | 1 | |
| Sacrificial Pit | 1 | |
| Black Citadel | 1 | |
18 total
» build order
00:04 Altar of Darkness
00:08 Ziggurat
01:00 Crypt
01:25 Graveyard
01:33 Crypt
01:54 Ziggurat
03:30 Nerubian Tower
03:33 Ziggurat
04:11 Ziggurat
04:37 Spirit Tower
06:15 Ziggurat
07:54 Halls of the Dead
09:09 Ziggurat
09:12 Nerubian Tower
10:17 Sacrificial Pit
10:31 Ziggurat
19:19 Black Citadel
21:29 Ziggurat
» items
| Scroll of Town Portal | 1 | |
| Scroll of Protection | 1 | |
2 total
team 2 (winner)
KevinKillerK (
yellow | 60 APM | 1451 actions | 24:22)
6 Firelord
3 Summon Lava Spawn
3 Incinerate
» actions
| Assign group hotkey | 76 | |
| Build / train | 57 | |
| Enter build submenu | 22 | |
| Enter hero's abilities submenu | 8 | |
| Give item / drop item | 2 | |
| Right click | 508 | |
| Select / deselect | 245 | |
| Select group hotkey | 482 | |
| Use ability | 51 | |
1451 total
» units
| Peasant | 10 | |
| Footman | 7 | |
| Giant Sea Turtle | 1 | |
| Makrura Snapper | 1 | |
| Gryphon Rider | 11 | |
| Dragonhawk Rider | 5 | |
35 total
» upgrades
| Lumber Harvesting | 2 | |
| Storm Hammers | 1 | |
| Swords | 1 | |
| Armor | 1 | |
5 total
» buildings
| Altar of Kings | 1 | |
| Barracks | 1 | |
| Farm | 10 | |
| Scout Tower | 1 | |
| Arcane Tower | 1 | |
| Arcane Vault | 2 | |
| Keep | 1 | |
| Lumber Mill | 1 | |
| Castle | 1 | |
| Gryphon Aviary | 3 | |
| Blacksmith | 1 | |
23 total
» build order
00:10 Altar of Kings
00:15 Barracks
00:23 Farm
01:05 Farm
01:45 Farm
02:37 Farm
02:59 Scout Tower
03:55 Arcane Tower
04:31 Arcane Vault
04:37 Arcane Vault
04:49 Keep
05:10 Lumber Mill
07:33 Castle
07:38 Farm
08:29 Gryphon Aviary
09:25 Gryphon Aviary
10:00 Gryphon Aviary
11:03 Farm
12:26 Farm
13:32 Farm
15:24 Blacksmith
16:43 Farm
17:46 Farm
» items
| Scroll of Regeneration | 2 | |
| Lesser Clarity Potion | 2 | |
| Scroll of Town Portal | 1 | |
| Potion of Healing | 1 | |
| Potion of Mana | 1 | |
7 total
WolfBabe31 (
red | 52 APM | 1276 actions | 24:22)
5 Keeper of the Grove
3 Entangling Roots
2 Thorns Aura
» actions
| Assign group hotkey | 40 | |
| Basic commands | 3 | |
| Build / train | 102 | |
| Enter build submenu | 39 | |
| Enter hero's abilities submenu | 5 | |
| Remove unit from queue | 5 | |
| Right click | 440 | |
| Select / deselect | 426 | |
| Select group hotkey | 134 | |
| Use ability | 82 | |
1276 total
» units
| Wisp | 45 | |
| Huntress | 6 | |
| Druid of the Talon | 16 | |
| Dryad | 13 | |
| Hippogryph | 5 | |
85 total
» upgrades
| Strength of the Wild | 3 | |
| Reinforced Hides | 2 | |
| Abolish Magic | 1 | |
| Druid of the Talon Training | 2 | |
8 total
» buildings
| Altar of Elders | 1 | |
| Moon Well | 8 | |
| Hunter's Hall | 1 | |
| Ancient Protector | 13 | |
| Tree of Ages | 2 | |
| Ancient of War | 1 | |
| Ancient of Lore | 3 | |
| Ancient of Wind | 3 | |
| Tree of Eternity | 1 | |
33 total
» build order
00:09 Altar of Elders
00:26 Moon Well
01:17 Hunter's Hall
02:25 Ancient Protector
02:28 Ancient Protector
02:32 Ancient Protector
03:11 Ancient Protector
03:33 Ancient Protector
03:36 Ancient Protector
04:53 Ancient Protector
05:20 Tree of Ages
05:22 Moon Well
05:27 Moon Well
07:17 Ancient Protector
07:21 Ancient Protector
07:23 Ancient Protector
07:28 Moon Well
07:32 Moon Well
07:40 Ancient Protector
08:21 Ancient of War
09:23 Tree of Ages
10:02 Moon Well
11:42 Moon Well
11:53 Ancient of Lore
11:55 Ancient of Lore
11:59 Ancient of Wind
12:04 Ancient of Lore
12:37 Tree of Eternity
16:28 Moon Well
16:43 Ancient Protector
17:49 Ancient Protector
21:10 Ancient of Wind
21:16 Ancient of Wind
FagWithNoName (
pink | 60 APM | 1458 actions | 24:22)
8 Blademaster
3 Wind Walk
3 Critical Strike
1 Bladestorm
1 Mirror Image
» actions
| Assign group hotkey | 94 | |
| Basic commands | 22 | |
| Build / train | 83 | |
| Enter build submenu | 28 | |
| Enter hero's abilities submenu | 8 | |
| Give item / drop item | 6 | |
| Remove unit from queue | 1 | |
| Right click | 644 | |
| Select / deselect | 313 | |
| Select group hotkey | 133 | |
| Use ability | 126 | |
1458 total
» units
| Peon | 27 | |
| Grunt | 4 | |
| Wind Rider | 10 | |
| Troll Batrider | 6 | |
47 total
» upgrades
| Armor | 2 | |
| Ranged Weapons | 2 | |
| Reinforced Defenses | 1 | |
5 total
» buildings
| Altar of Storms | 2 | |
| Barracks | 1 | |
| Orc Burrow | 5 | |
| Voodoo Lounge | 2 | |
| Stronghold | 1 | |
| War Mill | 2 | |
| Beastiary | 3 | |
| Great Hall | 2 | |
| Watch Tower | 12 | |
| Fortress | 1 | |
31 total
» build order
00:30 Altar of Storms
00:35 Barracks
00:49 Orc Burrow
01:20 Orc Burrow
01:31 Orc Burrow
02:11 Voodoo Lounge
03:20 Stronghold
04:07 Orc Burrow
05:05 War Mill
05:09 Orc Burrow
06:43 Beastiary
06:44 Beastiary
16:21 Altar of Storms
16:33 Great Hall
16:53 Watch Tower
16:54 Watch Tower
16:54 Watch Tower
16:55 Watch Tower
16:57 Watch Tower
16:57 Watch Tower
16:57 Watch Tower
16:57 Watch Tower
17:25 Fortress
18:16 Watch Tower
18:16 Watch Tower
18:22 Great Hall
18:32 Watch Tower
19:14 Voodoo Lounge
20:18 Watch Tower
20:29 War Mill
21:52 Beastiary
» items
| Healing Salve | 9 | |
| Boots of Speed | 1 | |
| Circlet of Nobility | 1 | |
| Scroll of Town Portal | 3 | |
| Scroll of Healing | 2 | |
| Orb of Lightning | 1 | |
| Potion of Healing | 1 | |
18 total
JMP (
green | 21 APM | 507 actions | 24:22)
5 Priestess of the Moon
2 Trueshot Aura
2 Scout
1 Starfall
» actions
| Build / train | 66 | |
| Enter build submenu | 19 | |
| Enter hero's abilities submenu | 5 | |
| Remove unit from queue | 3 | |
| Right click | 168 | |
| Select / deselect | 204 | |
| Use ability | 42 | |
507 total
» units
| Wisp | 21 | |
| Huntress | 7 | |
| Druid of the Claw | 14 | |
42 total
» upgrades
| Strength of the Wild | 3 | |
| Reinforced Hides | 3 | |
| Druid of the Claw Training | 2 | |
| Mark of the Claw | 1 | |
| Abolish Magic | 1 | |
| Well Spring | 1 | |
| Ultravision | 1 | |
12 total
» buildings
| Moon Well | 8 | |
| Ancient of War | 1 | |
| Hunter's Hall | 1 | |
| Altar of Elders | 1 | |
| Ancient Protector | 3 | |
| Tree of Ages | 1 | |
| Ancient of Lore | 2 | |
| Tree of Eternity | 1 | |
| Tree of Life | 1 | |
19 total
» build order
00:23 Moon Well
01:17 Ancient of War
01:21 Hunter's Hall
01:40 Moon Well
02:03 Altar of Elders
02:37 Ancient Protector
02:45 Moon Well
03:36 Ancient Protector
04:47 Tree of Ages
05:21 Moon Well
06:32 Ancient Protector
07:39 Ancient of Lore
07:43 Ancient of Lore
08:19 Tree of Eternity
16:18 Moon Well
16:24 Moon Well
16:34 Tree of Life
18:26 Moon Well
18:30 Moon Well
Chat log
(00:09 / Allies) JMP: units?
(00:18 / Allies) WolfBabe31: bears druids>
(00:19 / Allies) KevinKillerK: birds
(00:26 / All) FagWithNoName: CRAZY LITTLE THING CALLED LOVE
(00:31 / Allies) JMP: rush
(00:39 / Allies) WolfBabe31: no
(00:44 / Allies) WolfBabe31: people always rush this map
(00:44 / Allies) JMP: hunts potm
(00:46 / Allies) WolfBabe31: just get tower
(01:22 / Allies) WolfBabe31: kotg
(02:31 / All) FagWithNoName: Rory MacDonald or BJ Penn?
(02:42 / All) ITAdarkthor: penn
(02:47 / All) ITAdarkthor: lol
(02:48 / All) FagWithNoName: Rory Mac
(03:13 / All) FagWithNoName: Shogun Rua or Gustafsson?
(03:44 / All) FagWithNoName: The Mauler
(04:13 / All) ITAdarkthor: come guys
(04:14 / All) ITAdarkthor: help
(04:18 / All) FagWithNoName: Diaz or Benson?
(04:21 / Allies) KevinKillerK: red you suck
(06:00 / Allies) KevinKillerK: all in
(06:05 / Allies) KevinKillerK: red yo still suck
(06:34 / Allies) WolfBabe31: Well if I dont get attacked repeatlly without help,, then yes i do.
(06:48 / Allies) KevinKillerK: just get a tower
(06:52 / Allies) KevinKillerK: everbody rushed
(07:27 / All) illidanpro: AGAG
(07:28 / All) illidanpro: g
(07:28 / All) illidanpro: ga
(07:29 / All) illidanpro: sfga
(07:30 / All) illidanpro: g
(07:30 / All) illidanpro: Ga
(08:12 / Allies) KevinKillerK: all yo have is fuckin towers you asshole
(08:55 / Allies) KevinKillerK: get unit syou noob
(10:02 / Allies) KevinKillerK: wood?
(12:01 / Allies) KevinKillerK: out
(12:32 / All) illidanpro: HAHAHAHA
(12:52 / Allies) KevinKillerK: wood please
(13:12 / Allies) FagWithNoName: gold
(13:29 / Allies) JMP: wood please
(13:40 / Allies) KevinKillerK: hit oj
(13:42 / Allies) KevinKillerK: hes weak
(14:03 / Allies) KevinKillerK: hold up
(14:16 / Allies) KevinKillerK: yeah go alone
(14:43 / All) illidanpro: GG 363333
(15:57 / Allies) JMP: pink what u doing?
(16:00 / Allies) JMP: nvm
(17:25 / All) hippochop: LOL
(17:30 / All) hippochop: awesome .
(17:56 / All) hippochop: sorry blue got molested when he was a childe
(20:04 / Allies) KevinKillerK: killfiends
(20:34 / Allies) KevinKillerK: back
(20:46 / Allies) FagWithNoName: lumber
(21:04 / Allies) KevinKillerK: back dude
(21:17 / Allies) FagWithNoName: din't mean to do that lawl
(21:18 / Allies) KevinKillerK: spend
(21:19 / All) illidanpro: H
(21:21 / All) illidanpro: hd
(21:22 / All) illidanpro: dFGHd
(21:22 / All) illidanpro: G
(21:33 / Allies) FagWithNoName: I had my birds still in my control group
(22:11 / Allies) FagWithNoName: defend that
(22:17 / Allies) FagWithNoName: I'm gonna tp alone if not
(22:27 / Allies) FagWithNoName: all tp
(22:47 / Allies) FagWithNoName: tp red